 Dungeon Crawl Stone Soup version 0.31-a0-876-gfe8ebadbca (webtiles) character file.

Game seed: 14277745346618030527

58847 dohliylev the Severer (level 14, 0/138 HPs)
             Began as a Minotaur Berserker on Sept 22, 2023.
             Was a High Priest of Trog.
             Slain by an azure jelly (6 damage)
             ... on level 5 of the Lair of Beasts on Oct 13, 2023.
             The game lasted 00:40:20 (14869 turns).

dohliylev the Severer (Minotaur Berserker)         Turns: 14869, Time: 00:40:22

Health: 0/138      AC: 15    Str: 26    XL:     14   Next: 51%
Magic:  13/13      EV: 22    Int:  4    God:    Trog [*****.]
Gold:   1085       SH:  5    Dex: 11    Spells: 13/13 levels left

rFire   . . .        D - +3 war axe (vamp)
rCold   . . .        (no shield)
rNeg    . . .        u - +0 chain mail
rPois   .            (helmet restricted)
rElec   .            K - scarf {repulsion}
rCorr   .            g - +0 pair of gloves
SInv    .            (no boots)
Will    +++..        y - amulet of reflection Stlth
                     q - +5 ring of evasion
HPRegen 1.43/turn    I - +5 ring of evasion
MPRegen 0.13/turn

%: repel missiles, reflection
@: strong-willed, on berserk cooldown, regenerating, slowed, very slow
A: horns 2, retaliatory headbutt
a: Renounce Religion, Berserk, Trog's Hand, Brothers in Arms


You were on level 5 of the Lair of Beasts.
You worshipped Trog.
Trog was extremely pleased with you.
You visited 2 branches of the dungeon, and saw 16 of its levels.

You collected 1085 gold pieces.

Inventory:

Hand Weapons
 D - a +3 vampiric war axe (weapon)
Armour
 g - a +0 pair of gloves (worn)
 u - a +0 chain mail (worn)
 K - a scarf of repulsion (worn)
Jewellery
 q - a +5 ring of evasion (left hand)
 y - an amulet of reflection (around neck)
 F - a ring of protection from cold
 I - a +5 ring of evasion (right hand)
Wands
 r - a wand of charming (24)
 C - a wand of flame (40)
 E - a wand of polymorph (5)
 O - a wand of roots (3)
Scrolls
 b - 7 scrolls of teleportation
 k - 4 scrolls of revelation
 p - 3 scrolls of enchant armour
 A - 2 scrolls of brand weapon
 G - 3 scrolls of fog
 J - a scroll of blinking
 L - a scroll of silence
Potions
 a - a potion of attraction {unknown}
 c - 10 potions of curing {unknown}
 d - 2 potions of might {unknown}
 f - 2 potions of invisibility {unknown}
 h - 2 potions of cancellation {unknown}
 i - a potion of enlightenment {unknown}
 l - 3 potions of haste {unknown}
 n - a potion of berserk rage {unknown}
 o - 4 potions of lignification {unknown}
 s - a potion of ambrosia {unknown}
 v - a potion of magic {unknown}
 z - a potion of resistance {unknown}
 B - a potion of degeneration {unknown}
 H - a potion of brilliance {unknown}
 M - a potion of heal wounds {unknown}


   Skills:
 + Level 16.6 Fighting
 + Level 18.8 Axes
 + Level 14.7 Armour
 + Level 7.7 Dodging
 + Level 7.6 Shields


You had 13 spell levels left.
You didn't know any spells.
Your spell library was empty.

Dungeon Overview and Level Annotations

Branches:
Dungeon (11/15)            Temple (0/1) D:6            Lair (5/5) D:10
  Swamp (0/4) Lair:3       Spider (0/4) Lair:2        Slime (0/5) Lair:5
    Orc (0/2) D:10

Altars:
Ashenzari
Dithmenos
Elyvilon
Fedhas
Kikubaaqudgha
Makhleb
Nemelex Xobeh
Okawaru
Qazlal
Ru
Sif Muna
Trog
Xom
Zin
The Shining One

Shops:
D:4 [

Annotations:
D:6 2 transporters
D:9 Cris's ghost, novice DsCj


Innate Abilities, Weirdness & Mutations

You have a pair of horns on your head.
You reflexively headbutt those who attack you in melee.


Message History

Your troll closely misses the azure jelly.
The azure jelly barely misses you. x2
The azure jelly hits you but does no damage.
The azure jelly completely misses you.
Your troll closely misses the azure jelly.
Your troll misses the azure jelly.
Your troll claws the azure jelly.
Your troll bites the azure jelly but does no damage.
Your troll barely misses the azure jelly.
Your troll claws the azure jelly.
The azure jelly misses your troll. The azure jelly hits your troll.
The azure jelly freezes your troll!!! The azure jelly hits your troll!
Your troll dies!
Your troll's corpse disappears in a puff of smoke!
Blink to where?
Press: ? - help, Dir - move target
As you read the scroll of blinking, it crumbles to dust.
Your skin crawls.
You feel strong-willed. The azure jelly completely misses you.
You furiously retaliate!
You headbutt the azure jelly! The azure jelly completely misses you.
You block the azure jelly's attack.
The azure jelly hits you but does no damage.
The azure jelly attacks as it pursues you!
The azure jelly completely misses you. You block the azure jelly's attack.
The azure jelly completely misses you. The azure jelly misses you.
The azure jelly completely misses you. You furiously retaliate!
You headbutt the azure jelly.
The azure jelly hits you but does no damage.
The azure jelly completely misses you. The azure jelly misses you.
You completely miss the azure jelly.
The azure jelly is almost dead.
The azure jelly hits you.
* * * LOW HITPOINT WARNING * * *
The azure jelly freezes you!!
* * * LOW HITPOINT WARNING * * *
The azure jelly hits you but does no damage.
The azure jelly hits you!
* * * LOW HITPOINT WARNING * * *
The azure jelly hits you.
You die...

≈~~~~≈~..~~.#............# .P..
~~~~~~~..P~..............# ....
~~~≈≈~~..~##.............# .[...
~~~~~~~..P~....).........###.....
~~≈#≈~≈~..###..........##........
.~~#~~~~.~~##...........##.......
~~~##~~≈~~##.....................
~~#####~..#......................
#~~~##≈~...##...@....#........#..
#~~≈~#~~....###.J.#.###........##
#~≈~~~~.....###..######..##....#
#~~~~P~.~......#.#####...# #....#
#~~~~.~.†.......#.......## #....
#.~≈≈≈~~~....#.........########..
##~~~≈..~.###.#####...##......#
##~~~....## ### #....#....#.#
##.~~P...# ##..##§.....#


You could see an azure jelly.

Vanquished Creatures
  An azure jelly (Lair:5)
  A great orb of eyes (Lair:5)
  3 hydras
  A centaur warrior (D:10)
  12 death yaks
  2 two-headed ogres (D:8)
  A goliath frog (Lair:5)
  5 skysharks
  An orc knight (D:10)
  3 spectral centaurs (D:9)
  A centaur zombie (D:9)
  2 black mambas
  13 elephants
  A gargoyle (D:10)
  17 cane toads
  11 komodo dragons
  3 rime drakes
  Jeremiah (D:7)
  A troll (D:10)
  A polar bear (Lair:4)
  A hornet (D:7)
  Prince Ribbit (D:7)
  Grinder (D:4)
  A tyrant leech (Lair:5)
  23 blink frogs
  A jumping spider (Lair:2)
  73 yaks
  2 culicivoras (Lair:2)
  A vampire (D:10)
  Eustachio (D:5)
  A shadow (D:10)
  2 wyverns
  4 basilisks
  A steam dragon (D:9)
  9 vampire mosquitoes
  3 redbacks (Lair:2)
  Edmund (D:4)
  19 water moccasins
  Duvessa (D:5)
  3 orc warriors
  A black bear (D:4)
  16 wolves
  A centaur (D:10)
  A phantom (D:4)
  5 kobold brigands
  18 bullfrogs
  5 scorpions
  11 wights
  Dowan (D:5)
  8 killer bees
  5 howler monkeys
  3 electric eels
  4 hounds
  4 orc priests
  17 jellies
  Jessica (D:2)
  Ijyb (D:4)
  Natasha (thrice) (D:2)
  8 orc wizards
  7 hell rats (Lair:3)
  2 hound skeletons (D:3)
  Robin (D:4)
  3 gnolls (D:2)
  8 adders
  A white imp (D:5)
  An ufetubus (D:5)
  An adder zombie (D:3)
  2 worms
  2 dart slugs
  31 orcs
  5 bats
  5 endoplasms
  3 giant cockroaches (D:1)
  14 goblins
  11 hobgoblins
  A quokka (D:2)
  A ball python skeleton (D:3)
  A ball python zombie (D:3)
  2 frilled lizards
  A jackal zombie (D:3)
  50 kobolds
  3 rats
499 creatures vanquished.

Notes
Turn   | Place    | Note
-------+----------+-------------------------------------------
     0 | D:1      | dohliylev the Minotaur Berserker began the quest for the
                  | Orb.
     0 | D:1      | Reached XP level 1. HP: 19/19 MP: 0/0
   301 | D:1      | Reached XP level 2. HP: 22/27 MP: 1/1
   397 | D:1      | Reached skill level 4 in Axes
   891 | D:2      | Noticed Natasha
   895 | D:2      | Killed Natasha
   896 | D:2      | Reached XP level 3. HP: 34/34 MP: 2/2
  1048 | D:2      | Noticed Jessica
  1059 | D:2      | Killed Jessica
  1060 | D:2      | Reached XP level 4. HP: 41/41 MP: 3/3
  1125 | D:2      | Reached ** piety under Trog
  1170 | D:2      | Noticed Natasha
  1176 | D:2      | Killed Natasha
  1177 | D:2      | Reached skill level 5 in Axes
  1196 | D:2      | Noticed Natasha
  1200 | D:2      | Killed Natasha
  1201 | D:2      | Reached skill level 5 in Fighting
  1201 | D:2      | Reached XP level 5. HP: 39/48 MP: 4/4
  1426 | D:2      | Found a faded altar of an unknown god.
  2286 | D:4      | Noticed a phantom
  2294 | D:4      | Killed a phantom
  2295 | D:4      | Reached skill level 6 in Axes
  2295 | D:4      | Reached XP level 6. HP: 56/56 MP: 5/5
  2394 | D:4      | Noticed Edmund
  2396 | D:4      | Noticed Grinder
  2402 | D:4      | Killed Edmund
  2430 | D:4      | Paralysed by Grinder for 4 turns
  2442 | D:4      | Paralysed by Grinder for 4 turns
  2453 | D:4      | Paralysed by Grinder for 5 turns
  2466 | D:4      | Killed Grinder
  2467 | D:4      | Reached skill level 7 in Axes
  2467 | D:4      | Reached XP level 7. HP: 12/63 MP: 6/6
  2660 | D:4      | Noticed Robin
  2668 | D:4      | Killed Robin
  2764 | D:4      | Noticed Ijyb
  2794 | D:4      | Killed Ijyb
  2872 | D:4      | Reached skill level 8 in Axes
  2947 | D:4      | Found Jirelyojea's Armour Emporium.
  3079 | D:5      | Entered Level 5 of the Dungeon
  3139 | D:5      | Found a sparkling altar of Nemelex Xobeh.
  3141 | D:5      | Found an ancient bone altar of Kikubaaqudgha.
  3142 | D:5      | Found a sacrificial altar of Ru.
  3148 | D:5      | Found a blossoming altar of Fedhas.
  3151 | D:5      | Found a shimmering blue altar of Sif Muna.
  3153 | D:5      | Found an iron altar of Okawaru.
  3154 | D:5      | Found a stormy altar of Qazlal.
  3156 | D:5      | Found a burning altar of Makhleb.
  3159 | D:5      | Found a shimmering altar of Xom.
  3160 | D:5      | Found a broken altar of Ashenzari.
  3280 | D:5      | Reached XP level 8. HP: 62/71 MP: 7/7
  3312 | D:5      | Noticed Dowan
  3323 | D:5      | Killed Dowan
  3324 | D:5      | Reached skill level 5 in Armour
  3343 | D:5      | Noticed Duvessa
  3355 | D:5      | Killed Duvessa
  3356 | D:5      | Reached skill level 9 in Axes
  3751 | D:5      | Reached *** piety under Trog
  3937 | D:5      | Noticed Eustachio
  3952 | D:5      | Killed Eustachio
  4210 | D:6      | Found a transporter.
  4220 | D:6      | Reached skill level 10 in Axes
  4229 | D:6      | Found a transporter.
  4262 | D:6      | Found a glowing silver altar of Zin.
  4262 | D:6      | Found a white marble altar of Elyvilon.
  4262 | D:6      | Found a glowing golden altar of the Shining One.
  4624 | D:6      | Found a staircase to the Ecumenical Temple.
  4654 | D:6      | Reached **** piety under Trog
  4657 | D:6      | Reached XP level 9. HP: 69/80 MP: 8/8
  4978 | D:7      | Noticed Jeremiah
  4980 | D:7      | Noticed Prince Ribbit
  5003 | D:7      | Killed Jeremiah
  5004 | D:7      | Reached skill level 11 in Axes
  5007 | D:7      | Killed Prince Ribbit
  5298 | D:7      | HP: 4/82 [poisoned by a hornet]
  5800 | D:8      | Noticed a two-headed ogre
  5805 | D:8      | Killed a two-headed ogre
  5806 | D:8      | Reached skill level 12 in Axes
  5905 | D:8      | Reached XP level 10. HP: 47/91 MP: 9/9
  6060 | D:8      | Noticed a two-headed ogre
  6087 | D:8      | Killed a two-headed ogre
  6088 | D:8      | Reached skill level 13 in Axes
  7023 | D:9      | Reached skill level 1 in Shields
  7031 | D:9      | Found a runed translucent gate.
  7032 | D:9      | Found a runed translucent gate.
  7035 | D:9      | Noticed a spectral centaur warrior
  7036 | D:9      | Found a runed translucent gate.
  7036 | D:9      | Noticed a spectral centaur warrior
  7038 | D:9      | Noticed a spectral centaur warrior
  7039 | D:9      | Noticed Cris's ghost (novice DsCj)
  7079 | D:9      | Reached skill level 10 in Fighting
  7267 | D:9      | Reached skill level 14 in Axes
  7357 | D:9      | Found a shadowy altar of Dithmenos.
  7378 | D:9      | Found a bloodstained altar of Trog.
  8032 | D:10     | Entered Level 10 of the Dungeon
  8080 | D:9      | Killed a spectral centaur warrior
  8081 | D:9      | Reached XP level 11. HP: 79/100 MP: 10/10
  8088 | D:9      | Reached skill level 5 in Dodging
  8253 | D:10     | Reached skill level 15 in Axes
  8259 | D:10     | Found a staircase to the Orcish Mines.
  8259 | D:10     | Noticed an orc knight
  8271 | D:10     | Killed an orc knight
  8286 | D:10     | Reached skill level 10 in Armour
  8308 | D:10     | HP: 2/102 [orc priest/divine providence (12)]
  8755 | D:10     | Noticed a centaur warrior
  8763 | D:10     | Killed a centaur warrior
  9199 | D:10     | Found a staircase to the Lair.
  9349 | Lair:1   | Entered Level 1 of the Lair of Beasts
  9359 | Lair:1   | Upgraded the game from 0.31-a0-816-gd61d57ddb1 to
                  | 0.31-a0-831-g143b1e81fc
  9359 | Lair:1   | Upgraded the game from 0.31-a0-831-g143b1e81fc to
                  | 0.31-a0-868-g674d60d6f7
  9359 | Lair:1   | Upgraded the game from 0.31-a0-868-g674d60d6f7 to
                  | 0.31-a0-876-gfe8ebadbca
  9540 | Lair:1   | Reached ***** piety under Trog
  9576 | Lair:1   | You fall into a shaft and drop 1 floor!
  9587 | Lair:2   | Reached skill level 16 in Axes
  9697 | Lair:1   | Reached XP level 12. HP: 112/112 MP: 11/11
 10921 | Lair:2   | Found a hole to the Spider Nest.
 11084 | Lair:2   | Reached skill level 5 in Shields
 11889 | Lair:3   | Noticed a death yak
 11909 | Lair:3   | Noticed a death yak
 11910 | Lair:3   | Killed a death yak
 11911 | Lair:3   | Noticed a death yak
 11911 | Lair:3   | Noticed a death yak
 11915 | Lair:3   | Noticed a death yak
 11918 | Lair:3   | Reached skill level 17 in Axes
 11918 | Lair:3   | Noticed a death yak
 11925 | Lair:3   | Killed a death yak
 11937 | Lair:3   | Killed a death yak
 11938 | Lair:3   | Reached XP level 13. HP: 123/123 MP: 12/12
 12083 | Lair:3   | Found a staircase to the Swamp.
 12186 | Lair:3   | Received a gift from Trog
 12702 | Lair:4   | Reached skill level 15 in Fighting
 13317 | Lair:5   | Entered Level 5 of the Lair of Beasts
 13387 | Lair:5   | Found a staircase to the Slime Pits.
 13397 | Lair:5   | Reached skill level 18 in Axes
 13551 | Lair:5   | Reached XP level 14. HP: 98/136 MP: 13/13
 13814 | Lair:5   | Received a gift from Trog
 14109 | Lair:5   | Identified the +6 spear of Misery {freeze, *Slow Fly Will-
                  | Str+9}
 14500 | Lair:5   | Noticed a quicksilver ooze
 14500 | Lair:5   | Noticed an acid blob
 14833 | Lair:5   | Noticed an azure jelly
 14846 | Lair:5   | Killed an azure jelly
 14852 | Lair:5   | Noticed an azure jelly
 14869 | Lair:5   | HP: 6/138 [azure jelly (9)]
 14869 | Lair:5   | Slain by an azure jelly

Illustrated notes

Levels and vault maps discovered:
D:1:      erik_arrival_blinker_ship, layout_basic
D:2:      layout_rooms, dreamdust_ecumenical_altar_hidden_monk_grotto,
          uniq_jessica, uniq_natasha
D:3:      layout_basic, serial_undead, serial_undead_a, serial_undead_b,
          serial_undead_a, serial_undead_b, serial_undead_f, serial_undead_f,
          kennysheep_generic_room_8
D:4:      layout_cave_pools, serial_shops, nicolae_take_the_stairs, uniq_edmund,
          uniq_robin, uniq_ijyb, uniq_grinder
D:5:      layout_loops_ring, nicolae_overflow_hallway_of_the_gods,
          moated_statue, dk_noncrumbling_4, minmay_joined_circles, uniq_duvessa,
          uniq_eustachio
D:6:      gammafunk_steamed_eel, layout_basic, dreamdust_divine_triumvirate,
          minmay_temple_entry_mini_moons
D:7:      layout_cave_pools, uniq_jeremiah, uniq_prince_ribbit1
D:8:      layout_loops_ring
D:9:      kennysheep_kobold_camp, layout_loops_ring, nicolae_overflow_squiral,
          gammafunk_ghost_necromancy
D:10:     layout_long_grid, erik_lair_island, orc_david_3
D:11:     layout_basic, hex_large
Lair:1:   layout_cave_pods, grunt_megastairs_1, serial_bayou_shore_b
Lair:2:   layout_regular_city, nicolae_spider_entry_tight_spaces
Lair:3:   layout_cave_pods, swamp_mist, serial_bayou_shore_a,
          infiniplex_staircase_pool_2
Lair:4:   layout_regular_city, infiniplex_staircase_pool, grunt_megastairs_2
Lair:5:   minmay_lair_end_frog_pond, layout_cave_pods,
          nicolae_slime_entry_slimehenge, special_room [special_room_jelly],
          grunt_forest_small_clearing_treed

Skill      XL: |  1  2  3  4  5  6  7  8  9 10 11 12 13 14 |
---------------+-------------------------------------------+-----
Fighting       | 4 5 6 7 9 10 12 13 15 16 | 16.6
Axes           | 4 5 6 7 8 10 12 14 16 17 18 | 18.8
Armour         | 3 4 6 8 9 10 12 14 | 14.7
Dodging        | 3 4 5 6 7 |  7.7
Shields        | 2 4 5 7 |  7.6

Action                     |  1- 3 |  4- 6 |  7- 9 | 10-12 | 13-15 || total
---------------------------+-------+-------+-------+-------+-------++-------
  Melee: Hand axe          |    35 |    45 |       |       |       ||    80
         Headbutt          |     7 |    11 |    38 |   158 |   133 ||   347
         War axe           |       |    36 |   234 |   650 |   499 ||  1419
         Punch             |       |       |     2 |     8 |     9 ||    19
         Battleaxe         |       |       |       |     4 |       ||     4
 Invoke: Berserk           |     2 |     3 |     6 |    10 |     7 ||    28
         Trog's Hand       |       |     2 |     4 |     4 |     5 ||    15
         Brothers in Arms  |       |       |       |       |     1 ||     1
    Use: Scroll            |       |       |       |     2 |    14 ||    16
 Armour: Leather armour    |    18 |    56 |       |       |       ||    74
         Animal skin       |     2 |       |       |       |       ||     2
         Chain mail        |       |       |   229 |   371 |   312 ||   912
  Dodge: Dodged            |    24 |    59 |   133 |   331 |   330 ||   877
  Block: Other             |       |       |    11 |   117 |   104 ||   232
         Reflection        |       |       |       |     6 |       ||     6

Table legend: (Time is in decaauts)
 A = Elapsed time spent in this place.
 B = Non-inter-level travel time spent in this place.
 C = Inter-level travel time spent in this place.
 D = Time resting spent in this place.
 E = Time spent auto-exploring this place.
 F = Levels seen in this place.
 G = Mean time per level.
                   A        B        C        D        E       F      G
               +--------+--------+--------+--------+--------+-----+--------+
         Total |  14873 |  14542 |    331 |   3169 |   7524 |  16 |  929.6 |
       Dungeon |   9457 |   9198 |    259 |   2115 |   4650 |  11 |  859.7 |
          Lair |   5415 |   5343 |     72 |   1053 |   2873 |   5 | 1083.0 |
               +--------+--------+--------+--------+--------+-----+--------+

Top non-repeatable levels by time:
  Lair:5: 1514 daAuts
     D:9: 1461 daAuts
  Lair:2: 1149 daAuts
     D:5: 1127 daAuts
     D:8: 965 daAuts
  Lair:1: 958 daAuts
  Lair:3: 927 daAuts
     D:1: 893 daAuts
    D:10: 870 daAuts
  Lair:4: 865 daAuts
     D:7: 855 daAuts
     D:4: 855 daAuts
     D:6: 768 daAuts
     D:3: 744 daAuts
     D:2: 680 daAuts
